 Seeded DCSS version 0.29-a0-823-gc37b157 (webtiles) character file.

Game seed: 9102593981248656609 (custom seed)

11072 GeorgeSoros the Carver (level 11, 0/159 HPs)
             Began as a Naga Gladiator on July 7, 2022.
             Was an Elder of Cheibriados.
             Slain by a blink frog (14 damage)
             ... on level 4 of the Lair of Beasts on July 8, 2022.
             The game lasted 00:57:59 (12581 turns).

GeorgeSoros the Carver (Naga Gladiator)            Turns: 12581, Time: 00:58:00

Health: 0/159      AC: 18    Str: 29    XL:     11   Next: 72%
Magic:  8/15       EV: 10    Int: 27    God:    Cheibriados [****..]
Gold:   572        SH:  0    Dex: 24    Spells: 11/16 levels left

rFire   . . .      SeeInvis +   a - +2 long sword (elec)
rCold   + . .      Faith    .   (no shield)
rNeg    . . .      Spirit   .   q - +3 leather armour
rPois   +          Reflect  .   c - +1 helmet
rElec   .          Harm     .   D - +1 cloak
rCorr   +          Rampage  .   (no gloves)
Will    +++..                   b - +1 barding "Rofenn" {Will++ Int+4 Dex+2 Stlth-}
Stlth   ..........              (no amulet)
HPRegen 0.36/turn               y - ring of the Seven Lives {rPois rC+ rCorr Str+2}
MPRegen 0.14/turn               (no ring)

@: berserking, very slightly contaminated, very slow
A: AC +3, large, see invisible, deformed body, poison resistance, slowness 2,
spit poison 1, naga tail 1
a: Spit Poison, Renounce Religion, Bend Time, Temporal Distortion, Slouch


You were on level 4 of the Lair of Beasts.
You worshipped Cheibriados.
Cheibriados was greatly pleased with you.
You visited 3 branches of the dungeon, and saw 13 of its levels.

You collected 572 gold pieces.

Inventory:

Hand Weapons
 a - a +2 long sword of electrocution (weapon)
 g - a +0 trident
 h - the +2 dagger of Superiority {distort, Drain rC+ Dex+4}
   (You found it on level 2 of the Dungeon)

   It warps and distorts space around it, and may blink, banish, or inflict
   extra damage upon those it strikes.
   Unwielding it can cause banishment or high damage.
   Dex:       It affects your dexterity (+4).
   rC:        It protects you from cold.
   Drain:     It drains your maximum health when unequipped.
Missiles
 d - 3 throwing nets
 e - a javelin
 j - 5 atropa-tipped darts
 C - 6 curare-tipped darts
Armour
 b - the +1 barding "Rofenn" (worn) {Will++ Int+4 Dex+2 Stlth-}
   (You acquired it on level 3 of the Dungeon)

   Int:       It affects your intelligence (+4).
   Dex:       It affects your dexterity (+2).
   Will:      It greatly increases your willpower.
   Stlth:     It makes you less stealthy.
 c - a +1 helmet (worn)
 q - a +3 leather armour (worn)
 r - a +2 leather armour of cold resistance
 D - a +1 cloak (worn)
Jewellery
 f - an amulet of magic regeneration
 o - an amulet of guardian spirit
 y - the ring of the Seven Lives (left hand) {rPois rC+ rCorr Str+2}
   (You acquired it on level 8 of the Dungeon)

   [ring of protection from cold]

   Str:       It affects your strength (+2).
   rC:        It protects you from cold.
   rPois:     It protects you from poison.
   rCorr:     It protects you from acid and corrosion.
Wands
 w - a wand of flame (29)
 A - a wand of paralysis (4)
 E - a wand of iceblast (2)
 G - a wand of digging (7)
Scrolls
 i - 6 scrolls of teleportation
 m - a scroll of enchant armour
 p - a scroll of brand weapon
 t - 2 scrolls of immolation
 u - a scroll of poison
 z - a scroll of magic mapping
 F - 2 scrolls of identify
Potions
 k - 2 potions of lignification
 l - 2 potions of resistance
 n - a potion of brilliance
 s - a potion of ambrosia
 v - 2 potions of berserk rage
 x - a potion of curing
 B - 4 potions of mutation


   Skills:
 - Level 9.2 Fighting
 - Level 10.6 Long Blades
 - Level 1.7 Throwing
 - Level 4.0 Armour
 - Level 4.0 Dodging
 - Level 2.5 Stealth
 - Level 3.0 Spellcasting
 + Level 6.0 Conjurations
 + Level 4.2 Air Magic
 - Level 5.2 Earth Magic
 + Level 3.3 Invocations


You had 11 spell levels left.
You knew the following spells:

 Your Spells              Type           Power      Damage    Failure   Level
a - Stone Arrow           Conj/Erth      68%        3d11      3%          3
b - Static Discharge      Conj/Air       31%        3-7/arc   1%          2

Your spell library contained the following spells:

 Spells                   Type           Power      Damage    Failure   Level
 Sandblast                Erth           64%        2d14      1%          1
 Passwall                 Tmut/Erth      15%        N/A       4%          2
 Ensorcelled Hibernation  Hex/Ice        8%         N/A       14%         2
 Sublimation of Blood     Necr           4%         N/A       14%         2
 Wereblood                Tmut           4%         N/A       14%         2
 Spider Form              Tmut/Pois      4%         N/A       28%         3
 Sticky Flame             Conj/Fire      20%        2d4       28%         4
 Anguish                  Hex/Necr       2%         N/A       67%         4
 Dispel Undead            Necr           4%         3d7       67%         4
 Summon Hydra             Summ           2%         N/A       100%        7


Dungeon Overview and Level Annotations

Branches:
Dungeon (8/15)             Temple (1/1) D:5            Lair (4/6) D:8
  Snake (0/4) Lair:3
  Swamp: Lair:2-4    Shoals: Lair:2-4

Altars:
Ashenzari
Cheibriados
Dithmenos
Elyvilon
Fedhas
Hepliaklqana
Kikubaaqudgha
Makhleb
Nemelex Xobeh
Okawaru
Qazlal
Ru
Sif Muna
Trog
Uskayaw
Vehumet
Wu Jian
Xom
Zin


Innate Abilities, Weirdness & Mutations

Your serpentine skin is tough. (AC +3)
You have supernaturally acute eyesight. (SInv)
Armour fits poorly on your strangely shaped body.
Your system is resistant to poisons. (rPois)
You cover ground very slowly.
You can spit poison.
You have a snake-like lower body.


Message History

You are struck by an arc of lightning.
* * * LOW HITPOINT WARNING * * *
The lightning grounds out.
The blink frog closely misses you. The blink frog barely misses you.
The blink frog blinks!
Casting: Static Discharge (safe; 1% risk of failure)
Confirm with . or Enter, or press ? or * to list all spells.
The blink frog is struck by an arc of lightning.
The blink frog is almost dead.
You are struck by an arc of lightning.
* * * LOW HITPOINT WARNING * * *
The lightning grounds out.
The blink frog is struck by an arc of lightning.
The blink frog is lightly wounded.
You are struck by an arc of lightning.
* * * LOW HITPOINT WARNING * * *
The lightning grounds out.
The blink frog barely misses you.
The blink frog blinks!
The blink frog hits you!
* * * LOW HITPOINT WARNING * * *
Casting: Static Discharge (safe; 1% risk of failure)
Confirm with . or Enter, or press ? or * to list all spells.
The blink frog is struck by an arc of lightning.
The blink frog is almost dead.
The blink frog is struck by an arc of lightning.
The blink frog is lightly wounded.
The blink frog is struck by an arc of lightning.
You kill the blink frog!
Cheibriados thoroughly appreciates the change of pace.
You are struck by an arc of lightning.
* * * LOW HITPOINT WARNING * * *
The lightning grounds out.
The blink frog barely misses you.
Okay, then.
A red film seems to cover your vision as you go berserk!
Cheibriados forces you to slow down.
You feel mighty!
The blink frog blinks! x2
You feel a strong urge to attack something.
You slice the blink frog!!
The blink frog is severely wounded.
The blink frog hits you but does no damage.
The blink frog hits you!
You die...

........ #+.P...#
#....:.##
#.#....#
###...#..##
#......†..#
#.........#
##...F.....#...
#....@.......#
#P...F..........
##.........#..#..
#.......<.##....
##P...##### .+..
####.# ..§ ..)
#..


You could see 2 blink frogs.

Vanquished Creatures
  2 hydras
  Amaemon (Lair:2)
  2 lindwurms (Lair:2)
  An orange demon (Lair:2)
  A komodo dragon (Lair:1)
  Maggie (D:7)
  A hornet (D:8)
  A polar bear (Lair:1)
  7 blink frogs
  Grinder (D:5)
  Sigmund (D:4)
  A wyvern (Lair:2)
  A basilisk (Lair:2)
  8 yaks
  A steam dragon (D:8)
  Edmund (D:6)
  2 acid dragons
  4 water moccasins
  2 orc warriors
  2 black bears
  2 ice beasts
  2 sky beasts (D:7)
  An ogre (D:5)
  11 wolves (Lair:2)
  2 necrophages (D:4)
  5 kobold brigands
  4 bullfrogs
  2 scorpions (D:5)
  A wight (D:8)
  An electric eel (Lair:2)
  3 howler monkeys (D:7)
  6 hounds
  2 orc priests
  Ijyb (D:5)
  3 orc wizards
  3 iguanas
  6 adders
  A shadow imp (D:5)
  2 white imps (D:8)
  A worm (D:2)
  3 dart slugs
  18 orcs
  10 endoplasms
  7 giant cockroaches
  3 goblins
  19 hobgoblins
  2 jackals (D:4)
  27 kobolds
  5 quokkas
  5 ball pythons
  5 bats
  5 frilled lizards
  3 rats
212 creatures vanquished.

Vanquished Creatures (others)
  10 fungi
  28 plants
38 creatures vanquished.

Grand Total: 250 creatures vanquished

Notes
Turn   | Place    | Note
-------+----------+-------------------------------------------
     0 | D:1      | GeorgeSoros the Naga Gladiator began the quest for the Orb.
     0 | D:1      | Reached XP level 1. HP: 19/19 MP: 1/1
    33 | D:1      | You fall into a shaft and drop 1 floor!
    86 | D:2      | Reached skill level 1 in Stealth
   133 | D:2      | Reached XP level 2. HP: 19/26 MP: 2/2
   233 | D:2      | Identified the +2 dagger of Superiority {distort, Drain rC+
                  | Dex+4}
   822 | D:1      | Reached XP level 3. HP: 32/33 MP: 3/3
  1846 | D:3      | Reached XP level 4. HP: 26/40 MP: 4/4
  2087 | D:3      | Reached skill level 1 in Armour
  2356 | D:3      | Reached skill level 4 in Long Blades
  2359 | D:3      | Reached XP level 5. HP: 43/49 MP: 5/5
  2723 | D:3      | Identified a scroll of acquirement
  2723 | D:3      | Acquired the +1 barding "Rofenn" {Will++ Int+4 Dex+2
                  | Stlth-}
  3230 | D:4      | Reached XP level 6. HP: 55/57 MP: 6/6
  3433 | D:4      | Noticed Sigmund
  3461 | D:4      | Killed Sigmund
  3462 | D:4      | Reached skill level 5 in Long Blades
  3462 | D:4      | Reached XP level 7. HP: 60/66 MP: 7/7
  3615 | D:4      | Found a shadowy altar of Dithmenos.
  3825 | D:5      | Entered Level 5 of the Dungeon
  3858 | D:5      | Noticed Grinder
  3879 | D:5      | Killed Grinder
  4034 | D:5      | Reached skill level 5 in Fighting
  4040 | D:5      | Found a staircase to the Ecumenical Temple.
  4060 | Temple   | Entered the Ecumenical Temple
  4066 | Temple   | Became a worshipper of Cheibriados the Contemplative
  4185 | D:5      | Found an ornate altar of the Wu Jian Council.
  4472 | D:5      | Reached XP level 8. HP: 74/74 MP: 8/8
  4574 | D:5      | Reached skill level 6 in Long Blades
  4975 | D:5      | Noticed Ijyb
  4982 | D:5      | Killed Ijyb
  5045 | D:5      | Upgraded the game from 0.29-a0-822-ga620ab9 to
                  | 0.29-a0-823-gc37b157
  5324 | D:6      | Noticed Edmund
  5333 | D:6      | Killed Edmund
  5517 | D:6      | Reached skill level 7 in Long Blades
  5543 | D:6      | Reached * piety under Cheibriados
  5852 | D:6      | Found an ancient bone altar of Kikubaaqudgha.
  6044 | D:7      | Reached XP level 9. HP: 86/86 MP: 9/9
  6061 | D:7      | Noticed Maggie
  6083 | D:7      | Killed Maggie
  6084 | D:7      | Reached skill level 8 in Long Blades
  6756 | D:7      | Reached ** piety under Cheibriados
  7085 | D:7      | Found a sacrificial altar of Ru.
  7219 | D:7      | Found a blossoming altar of Fedhas.
  7623 | D:8      | Found a staircase to the Lair.
  7683 | D:8      | Identified the +1 robe "Bucvuxzeeg" {rN++ Str-3}
  7785 | D:8      | Found a stormy altar of Qazlal.
  7786 | D:8      | Found a sparkling altar of Nemelex Xobeh.
  7831 | D:8      | Acquired the ring of the Seven Lives {rPois rC+ rCorr
                  | Str+2}
  8032 | D:8      | Noticed a hornet
  8037 | D:8      | Killed a hornet
  8038 | D:8      | Reached skill level 9 in Long Blades
  8232 | D:8      | Reached XP level 10. HP: 57/98 MP: 10/10
  8680 | D:8      | Reached *** piety under Cheibriados
  8685 | D:8      | Learned a level 3 spell: Stone Arrow
  9057 | D:8      | Reached skill level 1 in Conjurations
  9057 | D:8      | Reached skill level 1 in Earth Magic
  9220 | D:8      | Found a shimmering blue altar of Sif Muna.
  9360 | Lair:1   | Entered Level 1 of the Lair of Beasts
  9691 | Lair:1   | Found a hide-covered altar of Uskayaw.
 10302 | Lair:1   | Reached skill level 1 in Spellcasting
 10878 | Lair:2   | Reached skill level 10 in Long Blades
 11079 | Lair:2   | Reached XP level 11. HP: 95/106 MP: 5/15
 11082 | Lair:2   | Learned a level 2 spell: Static Discharge
 11151 | Lair:2   | Identified the +1 leather armour "Baetzagg" {Contam rC++
                  | Will+}
 11193 | Lair:2   | Noticed a lindwurm
 11194 | Lair:2   | Noticed a lindwurm
 11206 | Lair:2   | Killed a lindwurm
 11207 | Lair:2   | Reached skill level 1 in Air Magic
 11209 | Lair:2   | Killed a lindwurm
 11209 | Lair:2   | Reached **** piety under Cheibriados
 11765 | Lair:2   | Noticed an eight-headed hydra
 11766 | Lair:2   | Reached skill level 5 in Earth Magic
 11771 | Lair:2   | Killed an eight-headed hydra
 11772 | Lair:2   | Reached skill level 5 in Conjurations
 11839 | Lair:2   | Noticed Amaemon
 12111 | Lair:2   | Reached skill level 1 in Invocations
 12258 | Lair:2   | Killed Amaemon
 12547 | Lair:3   | Noticed a six-headed hydra
 12555 | Lair:3   | Killed an eight-headed hydra
 12557 | Lair:3   | You fall into a shaft and drop 1 floor!
 12581 | Lair:4   | Slain by a blink frog

Illustrated notes

Levels and vault maps discovered:
D:1:      tarquinn_simple_flora_water_c, layout_basic
D:2:      layout_basic
D:3:      layout_basic
D:4:      layout_loops_ring, mainiacjoe_overflow_24_doors, serial_bayou_pond_d,
          sigmund_army, uniq_sigmund
D:5:      layout_loops_cross, nicolae_wu_jian_wuxing_cycle, temple_pool_b,
          hangedman_decor_peaks_small, roderic_lattice_a, uniq_ijyb,
          uniq_grinder
D:6:      layout_loops_cross, lemuel_doored_altar, uniq_edmund
D:7:      layout_basic, hangedman_ru_absence, kennysheep_mini,
          minmay_misc_feat_rows, uniq_maggie
D:8:      layout_basic, lemuel_blue_sif_altar, gammafunk_temple_overflow_pools,
          dpeg_oklobed_lair, kennysheep_generic_room_3
Temple:   minmay_freezing_vapour_temple
Lair:1:   layout_regular_city, basic_altar, infiniplex_staircase_pool
Lair:2:   beast_lair_carwin_large_1, layout_big_grid, st_stairs_11,
          nicolae_lair_lindhole, serial_bayou_shore_a, uniq_amaemon
Lair:3:   layout_regular_city, guppyfry_snake_entry_garden,
          portal_ice_cave_rime, infiniplex_staircase_pool_2, lemuel_fruit_tree,
          uniq_gastronok, uniq_snorg
Lair:4:   layout_roguey, nicolae_swamp_entry_splash_gauntlet

Skill      XL: |  1  2  3  4  5  6  7  8  9 10 11 |
---------------+----------------------------------+-----
Stealth        | 1 2 |  2.5
Fighting       | 3 4 5 7 8 9 |  9.2
Armour         | 1 2 3 4 |  4.0
Long Blades    | 4 5 7 9 10 | 10.6
Dodging        | 4 |  4.0
Conjurations   | 4 6 |  6.0
Earth Magic    | 4 5 |  5.2
Spellcasting   | 3 |  3.0
Air Magic      | 4 |  4.2
Invocations    | 3 |  3.3
Throwing       | |  1.7

Action                   |  1- 3 |  4- 6 |  7- 9 | 10-12 || total
-------------------------+-------+-------+-------+-------++-------
Melee: Long sword        |    96 |    77 |   227 |   169 ||   569
       Punch             |       |       |     2 |     2 ||     4
Throw: Throwing net      |       |     1 |       |       ||     1
       Dart              |       |     2 |       |       ||     2
 Cast: Stone Arrow       |       |       |       |    17 ||    17
       Static Discharge  |       |       |       |    21 ||    21
 Abil: Spit Poison       |     7 |    25 |    49 |    44 ||   125
Evoke: Wand              |       |       |       |     2 ||     2
  Use: Scroll            |     7 |     7 |    10 |     8 ||    32
       Potion            |       |     1 |     1 |     4 ||     6
 Stab: Sleeping          |     2 |     2 |     1 |       ||     5
       Invisible         |       |       |     5 |       ||     5
Armor: Leather armour    |    39 |    42 |   148 |   111 ||   340
Dodge: Dodged            |    65 |    53 |   139 |   122 ||   379

Table legend: (Time is in decaauts)
 A = Elapsed time spent in this place.
 B = Non-inter-level travel time spent in this place.
 C = Inter-level travel time spent in this place.
 D = Time resting spent in this place.
 E = Time spent auto-exploring this place.
 F = Levels seen in this place.
 G = Mean time per level.
                   A        B        C        D        E       F      G
               +--------+--------+--------+--------+--------+-----+--------+
         Total |  18650 |  17497 |   1153 |   2103 |  12806 |  13 | 1434.6 |
       Dungeon |  13724 |  12834 |    890 |   1550 |   9533 |   8 | 1715.5 |
        Temple |     16 |     16 |      0 |      0 |      0 |   1 |   16.0 |
          Lair |   4909 |   4647 |    262 |    553 |   3273 |   4 | 1227.2 |
               +--------+--------+--------+--------+--------+-----+--------+

Top non-repeatable levels by time:
     D:8: 3243 daAuts
  Lair:2: 2680 daAuts
  Lair:1: 2102 daAuts
     D:5: 1915 daAuts
     D:7: 1871 daAuts
     D:6: 1827 daAuts
     D:2: 1538 daAuts
     D:3: 1204 daAuts
     D:4: 1151 daAuts
     D:1: 971 daAuts
  Lair:3: 93 daAuts
  Lair:4: 32 daAuts
  Temple: 16 daAuts
